 Dungeon Crawl Stone Soup version 0.19-a0-1091-g463c9de (webtiles) character file.

39445 HaroldButt the Geomancer (level 14, -1/108 HPs)
             Began as a Formicid Earth Elementalist on Aug 7, 2016.
             Was a High Priest of Vehumet.
             Slain by a guardian serpent (16 damage)
             ... on level 6 of the Lair of Beasts.
             The game lasted 01:48:59 (20063 turns).

HaroldButt the Geomancer (FoEE)                    Turns: 20063, Time: 01:49:00

Health: -1/108     AC: 13    Str: 14    XL:     14   Next: 39%
Magic:  22/28      EV: 19    Int: 21    God:    Vehumet [*****.]
Gold:   799        SH:  3    Dex: 11    Spells: 6 memorised, 13 levels left

rFire  . . .     SeeInvis +     b - 75 stones
rCold  . . .     Gourm    .     X - +1 robe {Archmagi}
rNeg   . . .     Faith    .     (no shield)
rPois  .         Spirit   .     (helmet unavailable)
rElec  .         Dismiss  .     N - +2 cloak
rCorr  .         Reflect  +     (no gloves)
SustAt .         Harm     .     w - +1 pair of boots
MR     +....                    u - +3 amulet of reflection
Stlth  +++.......               M - +4 ring of protection
                                R - +3 ring of evasion

@: lethally poisoned (-1 -> -8)
A: permanent stasis, dig shafts and tunnels, four strong arms, antennae 3,
camouflage 1, clever 1
a: Dig, Shaft Self, Renounce Religion


You were on level 6 of the Lair of Beasts.
You worshipped Vehumet.
Vehumet was extremely pleased with you.
You were not hungry.

You visited 3 branches of the dungeon, and saw 18 of its levels.
You also visited: Labyrinth and Sewer.

You collected 799 gold pieces.

Inventory:

Hand Weapons
 a - a +1 rapier of electrocution
 o - a +0 blowgun
 K - a +2 double sword
Missiles
 b - 75 stones (in hand)
 p - 59 poisoned needles
 v - a throwing net
Armour
 w - a +1 pair of boots (worn)
 L - a +1 shield
 N - a +2 cloak (worn)
 U - a +1 troll leather armour
 X - a +1 robe of the Archmagi (worn)
Magical Staves
 k - an uncursed staff of wizardry
Rods
 B - a +0 rod of clouds (9/9)
   (You found it on level 3 of the Dungeon)
Jewellery
 u - a +3 amulet of reflection (around neck)
 y - an uncursed ring of protection from magic
 H - an uncursed ring of fire
 M - a +4 ring of protection (right hand)
 R - a +3 ring of evasion (left hand)
Wands
 m - a wand of lightning (6/15)
 n - a wand of heal wounds (4/9)
 O - a wand of iceblast (3/15)
 W - a wand of digging (16/24)
Scrolls
 f - 9 scrolls of remove curse
 r - a scroll of amnesia
 C - 2 scrolls of magic mapping
 G - 2 scrolls of fear
 J - 2 scrolls of recharging
Potions
 q - 3 potions of agility
 t - a potion of brilliance
 x - a potion of flight
 z - a potion of ambrosia
 A - 2 potions of degeneration {unknown}
 D - 2 potions of cancellation {unknown}
 F - a potion of invisibility {unknown}
 Q - a potion of might {unknown}
 T - 2 potions of mutation {unknown}
 Y - a potion of cure mutation {unknown}
Books
 e - a book of Geomancy

   Spells                             Type                      Level
   a - Sandblast                      Earth                        1
   b - Passwall                       Transmutation/Earth          2
   c - Stone Arrow                    Conjuration/Earth            3
   d - Petrify                        Transmutation/Earth          4
   e - Lee's Rapid Deconstruction     Earth                        5
 g - a book of Clouds

   Spells                             Type                      Level
   a - Mephitic Cloud                 Conjuration/Poison/Air       3
   b - Conjure Flame                  Conjuration/Fire             3
   c - Poisonous Cloud                Conjuration/Poison/Air       6
   d - Freezing Cloud                 Conjuration/Ice/Air          6
   e - Ring of Flames                 Charms/Fire                  7
 j - a book of the Dragon

   Spells                             Type                      Level
   a - Flame Tongue                   Conjuration/Fire             1
   b - Cause Fear                     Hexes                        4
   c - Bolt of Fire                   Conjuration/Fire             6
   d - Dragon Form                    Transmutation                7
   e - Dragon's Call                  Summoning                    9
 l - a Fen Folio

   Spells                             Type                      Level
   a - Corpse Rot                     Necromancy                   2
   b - Stone Arrow                    Conjuration/Earth            3
   c - Leda's Liquefaction            Hexes/Earth                  4
   d - Summon Forest                  Summoning/Translocation      5
   e - Hydra Form                     Transmutation                6
   f - Summon Hydra                   Summoning                    7
 s - a book of Changes

   Spells                             Type                      Level
   a - Beastly Appendage              Transmutation                1
   b - Sticks to Snakes               Transmutation                2
   c - Spider Form                    Transmutation/Poison         3
   d - Ice Form                       Ice/Transmutation            4
   e - Blade Hands                    Transmutation                5
 E - the Reference Book on the Oath
   (You found it in a labyrinth)

   Spells                             Type                      Level
   a - Slow                           Hexes                        2
   b - Fulminant Prism                Conjuration/Hexes            4
   c - Invisibility                   Hexes                        6
 I - a book of the Sky

   Spells                             Type                      Level
   a - Summon Lightning Spire         Summoning/Air                4
   b - Airstrike                      Air                          4
   c - Silence                        Hexes/Air                    5
   d - Deflect Missiles               Charms/Air                   6
   e - Conjure Ball Lightning         Conjuration/Air              6
   f - Tornado                        Air                          9
 P - a book of Burglary

   Spells                             Type                      Level
   a - Swiftness                      Charms/Air                   2
   b - Passwall                       Transmutation/Earth          2
   c - Passage of Golubria            Translocation                4
   d - Lee's Rapid Deconstruction     Earth                        5
   e - Darkness                       Hexes                        6
   f - Invisibility                   Hexes                        6
Comestibles
 d - 22 bread rations
 i - 13 meat rations
 V - 2 slices of pizza


   Skills:
 - Level 9.0 Fighting
 - Level 8.0 Armour
 - Level 8.2 Dodging
 - Level 2.4 Stealth
 + Level 10.2 Spellcasting
 - Level 11.0 Conjurations
 - Level 1.1 Transmutations
 - Level 14.2 Earth Magic


You had 13 spell levels left.
You knew the following spells:

 Your Spells              Type           Power        Failure   Level  Hunger
a - Sandblast             Erth           ######       1%          1    None
b - Passwall              Tmut/Erth      ######....   1%          2    None
c - Stone Arrow           Conj/Erth      ######       1%          3    None
d - Lee's Rapid Deconstr  Erth           #######...   1%          5    ####...
e - Petrify               Tmut/Erth      ######..     2%          4    ##.....
f - Bolt of Magma         Conj/Fire/Erth ######....   2%          5    ####...


Dungeon Overview and Level Annotations

Branches:
Dungeon (11/15)            Temple (1/1) D:7            Lair (6/6) D:8
 Shoals (0/4) Lair:4        Snake (0/4) Lair:3        Slime (0/5) Lair:5
    Orc: D:9-12

Altars:
Ashenzari
Cheibriados
Dithmenos
Elyvilon
Fedhas
Gozag
Hepliaklqana
Kikubaaqudgha
Makhleb
Nemelex Xobeh
Okawaru
Qazlal
Ru
Sif Muna
Trog
Uskayaw
Vehumet
Yredelemnul
Zin
The Shining One
Jiyva

Shops:
D:8 }

Annotations:
D:11 exclusion: ugly thing


Innate Abilities, Weirdness & Mutations

You are under a permanent stasis effect.
You can dig through walls and to a lower floor.
Your four strong arms can wield two-handed weapons with a shield.
You have a pair of large antennae on your head. (SInv)
Your skin changes colour to match your surroundings (Stealth+).
Your mind is acute. (Int +2)


Message History

As you read the scroll of recharging, it crumbles to dust.
Your wand of heal wounds (0/9) glows for a moment and now has 5 charges.
* * * LOW HITPOINT WARNING * * *
You feel sick.
The guardian serpent hits the plant!
Evoke which item? (* to show all) (? for menu, Esc to quit)
Zapping:
n - a wand of heal wounds (5/9)
Press: ? - help, Shift-Dir - straight line, f - you You feel much better.
This wand has 4 charges left.
You feel sick.
The guardian serpent hits the plant!
The guardian serpent completely misses the plant.
You feel sick.
Casting: Stone Arrow
Confirm with . or Enter, or press ? or * to list all spells.
Aiming: Sandblast
Press: ? - help, Shift-Dir - straight line, f - guardian serpent
Aim: a guardian serpent (lightly wounded)
You feel a surge of power!
The rocky blast misses the guardian serpent.
You feel sick. The guardian serpent hits you!
You die...

.#**≈≈≈≈§§##..........,,*#%..P..#
## #*≈**§§§...........#####†...#*
## #≈***####........###....#..##*
.# #≈### #....P.###...#..#..#{*
.# *#≈≈# #....###....#.((#..#,,
.#####≈#####...##......#§.##..#*,
....≈≈≈≈≈.......P....##..S#,...*{
.....≈≈≈........PS..##...##,...#*
................@P.##...s#,,....*
......P..........P##....##,,,,,,*
.P.##PPP..........#P....#,,,,,,,,
.#..##..............P.P.#*,****,*
...###..................P********
PP..##...................,**,**,,
...P##................#.*,,,,**,,
...P##..................,,,,,****
....#P..................,,,,,,* *


You could see a guardian serpent.

Vanquished Creatures
  Josephine (D:10)
  6 hydras
  Urug (D:10)
  A hill giant (D:10)
  A hornet (Lair:6)
  A wolf spider (Lair:6)
  3 griffons
  6 elephants
  6 black mambas
  3 gargoyles
  9 spiny frogs
  5 komodo dragons
  A tengu conjurer (D:9)
  A troll (D:10)
  2 polar bears
  A shadow (Lab)
  3 wyverns
  A spriggan (D:8)
  2 basilisks (Lair:1)
  60 yaks
  5 wraiths (D:10)
  A steam dragon (Lair:4)
  2 hippogriffs
  2 hungry ghosts (D:9)
  10 porcupines
  25 water moccasins
  4 wasps (Lair:6)
  3 ice beasts
  4 orc warriors
  2 eyes of draining
  2 black bears
  A phantom (D:8)
  A wolf (Lair:3)
  5 ogres
  A centaur (D:9)
  11 crocodiles
  5 big kobolds
  15 giant frogs
  8 scorpions
  3 killer bees (D:10)
  5 wights
  5 howler monkeys
  6 crimson imps
  2 centaur zombies
  A giant frog zombie (D:10)
  A quasit (D:7)
  3 giant frog skeletons
  4 orc wizards
  2 jellies (D:6)
  3 orc priests
  9 hounds
  13 iguanas
  4 worker ants
  A hell rat (Lair:5)
  8 sheep (Lair:5)
  2 hound skeletons
  4 gnolls (D:2)
  44 river rats
  21 adders
  4 shadow imps
  3 oozes (Sewer)
  6 worms
  3 dart slugs
  7 giant geckos
  34 orcs
  3 giant cockroaches
  6 goblins
  6 hobgoblins
  4 jackals (D:1)
  5 quokkas
  8 ball pythons
  5 bats
  3 giant newts
  A jackal skeleton (D:5)
  28 kobolds
  2 quokka skeletons
  2 quokka zombies
  18 rats
  A fungus (Lair:6)
511 creatures vanquished.

Vanquished Creatures (others)
  7 fungi
  3 plants
10 creatures vanquished.

Grand Total: 521 creatures vanquished

Notes
Turn   | Place    | Note
-------+----------+-------------------------------------------
     0 | D:1      | HaroldButt the Formicid Earth Elementalist began the quest for the Orb.
     0 | D:1      | Reached XP level 1. HP: 13/13 MP: 3/3
    79 | D:1      | Reached skill level 4 in Earth Magic
   135 | D:1      | Reached XP level 2. HP: 16/19 MP: 1/5
   424 | D:1      | Reached XP level 3. HP: 21/24 MP: 0/6
   435 | D:1      | Learned a level 2 spell: Passwall
   439 | D:1      | Learned a level 3 spell: Stone Arrow
   537 | D:1      | Reached skill level 5 in Earth Magic
   789 | D:2      | Reached skill level 1 in Conjurations
   956 | D:2      | Reached XP level 4. HP: 30/30 MP: 4/7
  1567 | D:2      | Reached XP level 5. HP: 35/35 MP: 3/8
  1806 | D:2      | You fall through a shaft for 2 floors!
  1811 | D:4      | Noticed a dagger
  1814 | D:4      | Noticed a dagger
  2014 | D:4      | HP: 2/52 [poisoned by a scorpion]
  2163 | D:4      | Found a glowing drain.
  2195 | Sewer    | Entered a sewer
  2285 | Sewer    | Reached XP level 6. HP: 40/41 MP: 5/9
  2606 | Sewer    | Reached skill level 6 in Earth Magic
  2922 | Sewer    | Reached XP level 7. HP: 20/46 MP: 0/10
  3139 | Sewer    | Reached skill level 7 in Earth Magic
  3482 | Sewer    | Reached skill level 8 in Earth Magic
  3899 | D:4      | Found a hide-covered altar of Uskayaw.
  4770 | D:3      | Found a burning altar of Makhleb.
  4903 | D:3      | Identified a +0 rod of clouds (9/9) (You found it on level 3 of the Dungeon)
  5008 | D:3      | Found an opulent altar of Gozag.
  5009 | D:3      | Found a white marble altar of Elyvilon.
  5148 | D:5      | Entered Level 5 of the Dungeon
  5177 | D:5      | Reached XP level 8. HP: 32/52 MP: 7/11
  5450 | D:5      | Reached skill level 9 in Earth Magic
  5924 | D:6      | Reached skill level 10 in Earth Magic
  6083 | D:6      | Reached skill level 11 in Earth Magic
  6130 | D:6      | Reached XP level 9. HP: 57/57 MP: 4/14
  6244 | D:6      | Found a blossoming altar of Fedhas.
  6244 | D:6      | Found a hazy altar of Hepliaklqana.
  6407 | D:7      | Reached skill level 1 in Armour
  6514 | D:7      | Found a staircase to the Ecumenical Temple.
  6521 | Temple   | Entered the Ecumenical Temple
  6666 | Temple   | Became a worshipper of Vehumet
  6865 | D:7      | Identified a +0 rod of inaccuracy (9/9) (You found it on level 7 of the Dungeon)
  6895 | D:7      | Found a deep blue altar of Sif Muna.
  7385 | D:8      | Gained mutation: Your mind is acute. (Int +2) [potion of beneficial mutation]
  7393 | D:8      | Learned a level 5 spell: Lee's Rapid Deconstruction
  7408 | D:8      | Learned a level 4 spell: Petrify
  7536 | D:8      | Reached * piety under Vehumet
  7536 | D:8      | Offered knowledge of Shock by Vehumet.
  7597 | D:8      | Reached skill level 1 in Fighting
  7768 | D:8      | Gained mutation: Your skin changes colour to match your surroundings (Stealth+). [potion of beneficial mutation]
  7829 | D:8      | Found a sparkling altar of Nemelex Xobeh.
  7921 | D:8      | Found Icoodeps's Quality Used Wands.
  8006 | D:8      | Found a staircase to the Lair.
  8149 | D:9      | Reached XP level 10. HP: 26/72 MP: 10/16
  8388 | D:9      | Reached skill level 5 in Conjurations
  8453 | D:9      | Found a burning altar of Makhleb.
  8504 | D:9      | Noticed a purple ugly thing
  8543 | D:9      | You fall through a shaft for 2 floors!
  8688 | D:11     | Noticed a brown ugly thing
  8717 | D:11     | Noticed a gargoyle
  8721 | D:11     | Killed a gargoyle
  8858 | D:10     | Entered Level 10 of the Dungeon
  8868 | D:10     | Offered knowledge of Freeze by Vehumet.
  8872 | D:10     | Reached ** piety under Vehumet
  8993 | D:10     | Noticed a hill giant
  9004 | D:10     | Killed a hill giant
  9308 | D:10     | Noticed Josephine
  9313 | D:10     | Reached skill level 12 in Earth Magic
  9338 | D:10     | Reached XP level 11. HP: 77/77 MP: 8/17
  9368 | D:10     | Killed Josephine
  9368 | D:10     | Reached skill level 13 in Earth Magic
  9743 | D:9      | You fall through a shaft!
  9857 | D:10     | Noticed Urug
  9950 | D:10     | HP: 2/77 [Urug/enchanted double sword (15)]
  9970 | D:10     | Killed Urug
  9970 | D:10     | Reached skill level 14 in Earth Magic
 10126 | D:10     | Offered knowledge of Static Discharge by Vehumet.
 10468 | D:10     | Reached skill level 5 in Spellcasting
 10477 | D:10     | Reached *** piety under Vehumet
 10950 | Lair:1   | Entered Level 1 of the Lair of Beasts
 11215 | Lair:1   | Identified a scroll of acquirement
 11310 | Lair:1   | Offered knowledge of Olgreb's Toxic Radiance by Vehumet.
 11335 | Lair:1   | Reached XP level 12. HP: 58/83 MP: 9/23
 11484 | Lair:1   | HP: 4/83 [yak (8)]
 11579 | Lair:1   | Noticed a five-headed hydra
 11682 | Lair:1   | HP: 2/83 [river rat (8)]
 11707 | Lair:1   | HP: 2/83 [river rat (6)]
 11797 | Lair:1   | Killed a five-headed hydra
 12046 | Lair:1   | Noticed a seven-headed hydra
 12052 | Lair:1   | Killed a seven-headed hydra
 12052 | Lair:1   | Reached skill level 10 in Conjurations
 12221 | Lair:1   | Reached **** piety under Vehumet
 12476 | Lair:2   | Offered knowledge of Irradiate by Vehumet.
 12612 | Lair:2   | Noticed an eight-headed hydra
 12623 | Lair:2   | Killed an eight-headed hydra
 12875 | Lair:2   | Reached skill level 5 in Fighting
 13392 | Lair:3   | Noticed a five-headed hydra
 13421 | Lair:2   | Reached XP level 13. HP: 79/96 MP: 11/25
 14039 | Lair:4   | Reached ***** piety under Vehumet
 14044 | Lair:4   | Offered knowledge of Fulminant Prism by Vehumet.
 14088 | Lair:4   | Found a staircase to the Shoals.
 14178 | Lair:4   | Reached skill level 5 in Armour
 15538 | Lair:3   | Found a staircase to the Snake Pit.
 15692 | Lair:3   | Reached skill level 5 in Dodging
 16000 | Lair:3   | Killed a five-headed hydra
 16453 | Lair:5   | Found a staircase to the Slime Pits.
 16453 | Lair:5   | Found a viscous altar of Jiyva.
 17287 | Lair:6   | Entered Level 6 of the Lair of Beasts
 17669 | Lair:6   | Reached XP level 14. HP: 107/108 MP: 22/26
 17684 | Lair:6   | Found a labyrinth entrance.
 17694 | Lab      | Entered a labyrinth
 18760 | Lab      | Identified the Reference Book on the Oath
 19327 | Lair:6   | Offered knowledge of Bolt of Magma by Vehumet.
 19337 | Lair:6   | Learned a level 5 spell: Bolt of Magma
 19734 | Lair:6   | Reached skill level 10 in Spellcasting
 20050 | Lair:6   | HP: 5/108 [spiny frog (5)]
 20059 | Lair:6   | HP: 4/108 [guardian serpent/bolt of poison (13)]
 20063 | Lair:6   | Slain by a guardian serpent

Vault maps used:
D:1:      dpeg_arrival_fog
D:3:      nicolae_overflow_crystal_walls, gammafunk_temple_overflow_statue,
          minmay_quantized
D:4:      dancing_weapons_uskayaw, portal_sewer_entry_e
D:5:      first_bread
D:6:      gammafunk_temple_overflow_pools
D:7:      basic_altar
D:8:      nicolae_overflow_hidden_temple, lair_0_dummy, the_bakery,
          nicolae_for_you_no_charge
D:9:      minmay_ruined_shrine
D:10:     minivault_26, uniq_josephine, uniq_urug
D:11:     orc_0_dummy
Temple:   regret_index_temple_generic_petals
Lair:1:   bh_autumn_forest_stairs, grunt_megastairs_4
Lair:2:   beast_lair_carwin_6
Lair:3:   minmay_snake_entry_six_corridors, beast_lair_carwin_10
Lair:4:   shoals_dummy_entry, serial_bayou_pond_c
Lair:5:   kennysheep_abandoned_house, slime_altar_1
Lair:6:   hangedman_lair_tendril_chambers, guppyfry_lair_end_dragon,
          lab_entry_generic, lemuel_another_geyser
Lab:      nicolae_lab_dead_adventurers, nicolae_lab_x, nicolae_lab_lava
Sewer:    sewer_co_tree

Skill      XL: |  1  2  3  4  5  6  7  8  9 10 11 12 13 14 |
---------------+-------------------------------------------+-----
Earth Magic    | 4 5 6 8 11 12 14 | 14.2
Conjurations   | 1 2 4 8 11 | 11.0
Spellcasting   | 3 4 7 8 10 | 10.2
Armour         | 4 8 |  8.0
Dodging        | 4 7 8 |  8.2
Fighting       | 4 7 9 |  9.0
Stealth        | |  2.4
Transmutations | |  1.1

Action                   |  1- 3 |  4- 6 |  7- 9 | 10-12 | 13-15 || total
-------------------------+-------+-------+-------+-------+-------++-------
Melee: Whip              |    36 |    58 |     6 |       |       ||   100
       Hand axe          |       |       |    34 |       |       ||    34
       Dagger            |       |       |    16 |       |       ||    16
       Rapier            |       |       |    97 |   247 |   243 ||   587
Throw: Stone             |       |       |       |     1 |       ||     1
 Cast: Sandblast         |    51 |   119 |   160 |   151 |   163 ||   644
       Stone Arrow       |       |       |     7 |   179 |   222 ||   408
 Abil: Dig               |       |       |       |     5 |    14 ||    19
       Shaft Self        |       |       |       |     2 |       ||     2
Evoke: Wand              |       |       |       |       |    12 ||    12
       Rod               |       |       |       |       |     1 ||     1
  Use: Scroll            |       |     4 |    11 |     6 |    11 ||    32
       Potion            |       |     4 |     2 |     1 |     7 ||    14
 Stab: Sleeping          |     2 |     1 |     5 |     3 |     6 ||    17
       Distracted        |       |       |       |       |     1 ||     1
  Eat: Chunk             |     1 |     7 |    16 |    16 |    13 ||    53
       Beef jerky        |       |       |     2 |       |     4 ||     6
       Fruit             |       |       |       |     8 |       ||     8
       Pizza             |       |       |       |     1 |     3 ||     4
Armor: Robe              |    26 |     9 |    15 |     7 |   133 ||   190
       Skin              |       |    10 |       |       |       ||    10
       Leather armour    |       |       |    76 |    74 |       ||   150
       Troll leather arm |       |       |       |     2 |       ||     2
Dodge: Dodged            |    52 |    78 |   120 |   244 |   423 ||   917
Block: Other             |       |       |       |     8 |    66 ||    74
